 Dungeon Crawl Stone Soup version 0.28.0-47-ge53b351184 (webtiles) character file.

Game seed: 5059566981429480044

1374 issech the Cudgeller (level 8, 0/70 HPs)
             Began as a Troll Fighter on Apr 29, 2022.
             Was a Follower of Hepliaklqana.
             Slain by a wyvern zombie (10 damage)
             ... on level 6 of the Dungeon.
             The game lasted 00:22:27 (4443 turns).

issech the Cudgeller (Troll Fighter)                Turns: 4443, Time: 00:22:27

Health: 0/70       AC:  5    Str: 25    XL:     8   Next: 39%
Magic:  7/7        EV:  9    Int:  4    God:    Hepliaklqana [*.....]
Gold:   251        SH:  8    Dex: 11    Spells: 7/7 levels left

rFire   . . .      SeeInvis .   a - +0 flail
rCold   + . .      Faith    .   c - +0 kite shield
rNeg    . . .      Spirit   .   b - +0 robe
rPois   .          Reflect  .   (helmet restricted)
rElec   .          Harm     .   k - +0 cloak
rCorr   .          Rampage  .   (gloves unavailable)
Will    +....                   (boots unavailable)
Stlth   +.........              (no amulet)
HPRegen 1.01/turn               t - ring of Gobag {Contam +Blink Fly Will+}
MPRegen 0.10/turn               y - ring of protection from cold

@: flying
A: reduced essence, large, unfitting armour, claws 3, regeneration 1, shaggy fur
1, tough skin 1
a: Renounce Religion, Evoke Blink, Recall Ancestor, Ancestor Identity


You were on level 6 of the Dungeon.
You worshipped Hepliaklqana.
Hepliaklqana was aware of your devotion.
You visited 2 branches of the dungeon, and saw 7 of its levels.

You collected 271 gold pieces.
You spent 20 gold pieces at shops.

Inventory:

Hand Weapons
 a - a +0 flail (weapon)
 e - a +0 dagger of protection
 f - a +0 dagger
 j - a +0 mace
 p - a +2 dagger of distortion
 D - a +0 shortbow of flaming
Missiles
 h - 200 stones (quivered)
 s - 107 arrows
 v - 57 bolts
Armour
 b - a +0 robe (worn)
 c - a +0 kite shield (worn)
 k - a +0 cloak (worn)
 n - the +0 robe of Apathy {Drain rPois Int+7}
   (You found it on level 2 of the Dungeon)

   Int:       It affects your intelligence (+7).
   rPois:     It protects you from poison.
   Drain:     It drains your maximum health when unequipped.
Jewellery
 g - a ring of flight
 t - the ring of Gobag (left claw) {Contam +Blink Fly Will+}
   (You found it on level 3 of the Dungeon)

   [ring of flight]

   Fly:       It grants you flight.
   +Blink:    It lets you blink.
   Contam:    It causes magical contamination when unequipped.
   Will:      It increases your willpower.
 y - a ring of protection from cold (right claw)
Scrolls
 i - a scroll of fog
 l - 2 scrolls of identify
 m - a scroll of fear
 q - a scroll of vulnerability
 u - a scroll of immolation
 B - a scroll of summoning
 C - 3 scrolls of enchant armour
Potions
 d - 2 potions of might
 o - 2 potions of attraction {unknown}
 r - a potion of mutation {unknown}
 w - a potion of cancellation {unknown}
 x - a potion of heal wounds {unknown}
 z - a potion of invisibility {unknown}
 A - a potion of haste {unknown}


   Skills:
 + Level 4.3 Fighting
 + Level 5.7 Maces & Flails
 + Level 0.5 Throwing
 + Level 4.6 Dodging
 + Level 0.8 Stealth
 + Level 4.7 Shields


You had 7 spell levels left.
You didn't know any spells.
Your spell library contained the following spells:

 Spells                   Type           Power      Damage    Failure   Level
 Ensorcelled Hibernation  Hex/Ice        0%         N/A       89%         2
 Passwall                 Tmut/Erth      0%         N/A       89%         2
 Confusing Touch          Hex            0%         N/A       98%         3
 Swiftness                Air            0%         N/A       98%         3
 Yara's Violent Unravell  Hex/Tmut       0%         3d3       100%        5
 Enfeeble                 Hex            0%         N/A       100%        7


Dungeon Overview and Level Annotations

Branches:
Dungeon (6/15)             Temple (1/1) D:4

Altars:
Ashenzari
Cheibriados
Dithmenos
Elyvilon
Fedhas
Gozag
Hepliaklqana
Kikubaaqudgha
Makhleb
Nemelex Xobeh
Okawaru
Qazlal
Ru
Sif Muna
Trog
Uskayaw
Vehumet
Wu Jian
Xom
Yredelemnul
Zin
The Shining One

Shops:
D:1 :   D:2 ?   D:4 *


Innate Abilities, Weirdness & Mutations

Your life essence is reduced to manifest your ancestor. (-10% HP)
You are too large for most types of armour.
You have claws for hands.
Your natural rate of healing is unusually fast.
You are covered in fur. (AC +1)
You have tough skin. (AC +1)


Message History

A wyvern skeleton comes into view.
The centaur shoots an arrow.
The arrow hits you.
The centaur shoots an arrow.
The arrow barely misses you.
The arrow misses Plamen.
The centaur shoots an arrow.
The arrow hits you.
A wyvern zombie comes into view.
The centaur unwields a +0 shortbow.
The centaur barely misses you.
The centaur kicks you but does no damage.
The wyvern skeleton closely misses you.
You closely miss the centaur. The centaur hits you.
The centaur completely misses you. The wyvern skeleton bites you.
The centaur hits you but does no damage.
You block the centaur's attack. The wyvern skeleton bites you.
You hit the centaur.
The centaur is moderately wounded.
The centaur hits you.
The centaur kicks you but does no damage.
The wyvern skeleton bites you.
Plamen hits the centaur.
The centaur barely misses you. You block the centaur's attack.
You hit the centaur.
The centaur is moderately wounded.
You block the wyvern skeleton's attack. You block the centaur's attack.
The centaur kicks you but does no damage.
Plamen barely misses the centaur.
You block the wyvern skeleton's attack. The centaur hits you.
The centaur kicks you. The wyvern zombie bites you.
You sock the centaur!
The centaur is almost dead.
The centaur hits you. The centaur completely misses you.
You block the wyvern skeleton's attack.
Plamen closely misses the centaur.
The wyvern zombie bites you!
You closely miss the centaur.
The centaur is almost dead.
The centaur hits you but does no damage.
You block the centaur's attack. The wyvern skeleton barely misses you.
The wyvern zombie bites you!
* * * LOW HITPOINT WARNING * * *
Plamen hits the centaur.
The centaur barely misses you. x2
The wyvern skeleton bites you!
* * * LOW HITPOINT WARNING * * *
The wyvern zombie bites you!
You die...

.##. .............## ...
#.............# #..
##............. . # #..
#..............
..#.#..###.............#
#.......##.............#
..##..Z.Z.......)......#
......c@....>...))#
.......R.........##
............<....#
##..###..##.####.# #.
##.##.<# #... # ..##..#
...... ...###.. ...##.
..... ##...##


You could see the friendly Plamen the ancestor, a centaur (ally target), a
wyvern zombie and a wyvern skeleton.

Vanquished Creatures
  The ghost of Cheops the Cutter, a novice VSFi (D:3)
  Eustachio (D:5)
  Menkaure (D:5)
  A centaur (D:5)
  A phantom (D:5)
  A bullfrog (D:4)
  2 scorpions
  A water moccasin skeleton (D:5)
  A hound (D:4)
  An orc wizard (D:3)
  4 gnolls (D:5)
  8 adders
  A white imp (D:5)
  A worm (D:2)
  2 dart slugs
  7 orcs
  4 endoplasms
  5 giant cockroaches
  4 goblins
  8 hobgoblins
  7 jackals
  7 kobolds
  A quokka (D:5)
  6 ball pythons
  3 bats
  8 frilled lizards
  6 rats
93 creatures vanquished.

Vanquished Creatures (collateral kills)
  An ice beast (D:6)
  A sky beast (D:5)
  A centaur (D:5)
  An adder (D:5)
  An orc (D:6)
5 creatures vanquished.

Vanquished Creatures (others)
  An ancestor (D:5)
1 creature vanquished.

Grand Total: 99 creatures vanquished

Notes
Turn   | Place    | Note
-------+----------+-------------------------------------------
     0 | D:1      | issech the Troll Fighter began the quest for the Orb.
     0 | D:1      | Reached XP level 1. HP: 22/22 MP: 0/0
    32 | D:1      | Found Soptogur's Book Boutique.
   194 | D:1      | Found a faded altar of an unknown god.
   213 | D:1      | Reached XP level 2. HP: 29/29 MP: 1/1
   298 | D:1      | Reached skill level 2 in Maces & Flails
   699 | D:2      | Reached XP level 3. HP: 36/36 MP: 2/2
  1271 | D:2      | Identified the +0 robe of Apathy {Drain rPois Int+7}
  1305 | D:2      | Found Icituing's Magic Scroll Boutique.
  1313 | D:2      | Bought a scroll of identify for 20 gold pieces
  1707 | D:3      | Reached XP level 4. HP: 41/44 MP: 3/3
  2055 | D:3      | Identified the ring of Gobag {Contam +Blink Fly Will+}
  2305 | D:3      | Found a radiant altar of Vehumet.
  2411 | D:3      | Reached skill level 3 in Maces & Flails
  2450 | D:4      | Noticed Cheops's ghost (novice VSFi)
  2525 | D:4      | Found Nuas's General Store.
  2578 | D:4      | Noticed a scorpion
  2594 | D:4      | Killed a scorpion
  2595 | D:4      | Reached XP level 5. HP: 11/53 MP: 4/4
  2686 | D:4      | Found a runed translucent gate.
  2686 | D:4      | Found a runed translucent gate.
  2714 | D:4      | Found a staircase to the Ecumenical Temple.
  2754 | D:4      | Reached XP level 6. HP: 58/61 MP: 5/5
  2764 | Temple   | Entered the Ecumenical Temple
  2923 | Temple   | Became a worshipper of Hepliaklqana the Forgotten
  2987 | D:4      | Found a runed translucent gate.
  3368 | D:3      | Killed Cheops's ghost
  3369 | D:3      | Reached skill level 4 in Maces & Flails
  3369 | D:3      | Reached XP level 7. HP: 61/67 MP: 6/6
  3451 | D:5      | Entered Level 5 of the Dungeon
  3540 | D:5      | Noticed Menkaure
  3548 | D:5      | Killed Menkaure
  3549 | D:5      | Reached skill level 5 in Maces & Flails
  3779 | D:5      | Noticed Eustachio
  3790 | D:5      | Reached * piety under Hepliaklqana
  3865 | D:5      | Killed Eustachio
  3866 | D:5      | Reached XP level 8. HP: 32/70 MP: 7/7
  4443 | D:6      | Slain by a wyvern zombie

Illustrated notes

Levels and vault maps discovered:
D:1:      minmay_arrival_diagonal_passages, layout_loops_ring,
          hellmonk_ecumenical_altar_arch_garden, serial_shops, shop,
          chequers_garden, minmay_surrounded
D:2:      layout_loops_corners, serial_shops, shop
D:3:      layout_loops_ring, mainiacjoe_overflow_alcove_4, st_stairs_3
D:4:      layout_cave_pools, minmay_temple_entry_overgrown, serial_shops,
          shop_fountains, gammafunk_ghost_split, serial_rivers,
          chequers_serial_rivers_micro_c, chequers_serial_rivers_marsh,
          chequers_serial_rivers_micro_e, chequers_serial_rivers_small_a,
          chequers_serial_rivers_room_a
D:5:      layout_loops_ring, uniq_eustachio, uniq_menkaure
D:6:      layout_cave_pools, serial_shops, shop, uniq_duvessa,
          uniq_blork_the_orc
Temple:   kilobyte_greek_temple

Skill      XL: |  1  2  3  4  5  6  7 |
---------------+----------------------+-----
Maces & Flails | 2 3 4 5 |  5.7
Shields        | 3 4 |  4.7
Dodging        | 3 4 |  4.6
Fighting       | 3 4 |  4.3
Throwing       | |  0.5
Stealth        | |  0.8

Action                   |  1- 3 |  4- 6 |  7- 9 || total
-------------------------+-------+-------+-------++-------
Melee: Flail             |   160 |   156 |   150 ||   466
Throw: Stone             |       |     6 |     4 ||    10
  Use: Scroll            |     2 |       |     4 ||     6
 Stab: Sleeping          |     2 |       |       ||     2
Armor: Robe              |    70 |    64 |    73 ||   207
Dodge: Dodged            |    90 |    74 |   107 ||   271
Block: Kite shield       |    79 |    86 |    98 ||   263
